 Dungeon Crawl Stone Soup version 0.29.1-13-g9f3cf754e1 (webtiles) character file.

Game seed: 17031527469843179877

7461 hbarley the Cleaver (level 11, -9/94 HPs)
             Began as a Hill Orc Fighter on Jan 31, 2023.
             Was a Follower of Uskayaw.
             Shot with an arrow by a centaur warrior (15 damage)
             ... on level 9 of the Dungeon on Feb 1, 2023.
             The game lasted 00:28:48 (9861 turns).

hbarley the Cleaver (Hill Orc Fighter)              Turns: 9861, Time: 00:28:48

Health: -9/94      AC: 20    Str: 22    XL:     11   Next: 15%
Magic:  15/15      EV:  8    Int:  8    God:    Uskayaw [*.....]
Gold:   562        SH:  6    Dex: 18    Spells: 10/10 levels left

rFire   . . .      SeeInvis .   K - +5 war axe (pain)
rCold   . . .      Faith    .   c - +0 buckler
rNeg    . . .      Spirit   .   z - +0 plate armour
rPois   .          Reflect  .   s - +1 helmet
rElec   .          Harm     .   (no cloak)
rCorr   .          Rampage  .   (no gloves)
Will    .....                   (no boots)
Stlth   ..........              (no amulet)
HPRegen 0.25/turn               N - +6 ring of dexterity
MPRegen 0.14/turn               r - +4 ring of protection

@: no status effects
A: no striking features
a: Renounce Religion, Stomp


You were on level 9 of the Dungeon.
You worshipped Uskayaw.
Uskayaw was noncommittal.
You visited 2 branches of the dungeon, and saw 10 of its levels.

You collected 751 gold pieces.
You spent 189 gold pieces at shops.

Inventory:

Hand Weapons
 a - a +0 war axe
 I - the +7 Throatcutter {drain, coup de grace}
   (You found it on level 6 of the Dungeon)

   A truly terrible weapon, it drains the life of any living foe it strikes.
   It may instantly kill foes which have little health.
 K - a +5 war axe of pain (weapon)
Missiles
 B - a throwing net (quivered)
 M - 14 boomerangs of dispersal
Armour
 b - a +0 scale mail
 c - a +0 buckler (worn)
 s - a +1 helmet (worn)
 z - a +0 plate armour (worn)
Jewellery
 k - a ring of resist corrosion
 r - a +4 ring of protection (right hand)
 J - a ring of fire
 N - a +6 ring of dexterity (left hand)
 P - a ring of poison resistance
Wands
 D - a wand of light (13)
 E - a wand of iceblast (8)
 H - a wand of flame (33)
 O - a wand of polymorph (9)
Scrolls
 h - 3 scrolls of fear
 i - 4 scrolls of amnesia
 l - 3 scrolls of identify
 m - a scroll of blinking {unknown}
 n - a scroll of immolation {unknown}
 o - a scroll of acquirement {unknown}
 p - a scroll of summoning {unknown}
 q - a scroll of enchant weapon {unknown}
 t - 2 scrolls of noise {unknown}
 u - 3 scrolls of teleportation
 v - a scroll of magic mapping {unknown}
 x - 2 scrolls of vulnerability {unknown}
 y - 2 scrolls of butterflies {unknown}
 F - a scroll of enchant armour {unknown}
 G - 2 scrolls of poison {unknown}
Potions
 d - a potion of might
 e - 5 potions of mutation
 f - 4 potions of cancellation
 g - 3 potions of lignification
 j - 4 potions of curing
 w - 3 potions of heal wounds {unknown}
 A - 3 potions of attraction {unknown}
 C - 2 potions of resistance {unknown}
 L - a potion of magic {unknown}


   Skills:
 + Level 8.1 Fighting
 + Level 13.6 Axes
 + Level 8.6 Armour
 * Level 3.8 Dodging
 - Level 1.8 Stealth
 + Level 5.3 Shields
 * Level 4.4 Necromancy
 * Level 6.0 Invocations


You had 10 spell levels left.
You didn't know any spells.
Your spell library contained the following spells:

 Spells                   Type           Power      Damage    Failure   Level
 Magic Dart               Conj           0%         1d3       100%        1
 Slow                     Hex            0%         N/A       100%        1
 Summon Small Mammal      Summ           0%         N/A       100%        1
 Call Imp                 Summ           0%         N/A       100%        2
 Call Canine Familiar     Summ           0%         N/A       100%        3
 Mephitic Cloud           Conj/Pois/Air  0%         N/A       100%        3
 Summon Guardian Golem    Hex/Summ       0%         N/A       100%        3
 Animate Armour           Summ/Erth      0%         N/A       100%        4
 Summon Ice Beast         Ice/Summ       0%         N/A       100%        4
 Blade Hands              Tmut           0%         N/A       100%        5
 Summon Mana Viper        Hex/Summ       0%         N/A       100%        5
 Iron Shot                Conj/Erth      0%         9d1       100%        6
 Monstrous Menagerie      Summ           0%         N/A       100%        7


Dungeon Overview and Level Annotations

Branches:
Dungeon (9/15)             Temple (1/1) D:5
   Lair: D:8-11         Orc: D:9-12

Altars:
Ashenzari
Cheibriados
Dithmenos
Fedhas
Kikubaaqudgha
Nemelex Xobeh
Sif Muna
Trog
Uskayaw
Wu Jian
Xom
Zin
The Shining One

Shops:
D:2 *   D:7 *


Message History

A cyclops, a yak and a centaur warrior come into view.
The cyclops shouts!
The centaur warrior shouts!
You hear a roar!
You hear a shout!
The centaur warrior wields a +0 longbow.
The centaur warrior shoots an arrow.
The arrow hits you!
The cyclops throws a large rock.
The large rock hits you.
The centaur warrior shoots an arrow.
The arrow barely misses you.
Found 31 gold pieces, 5 boomerangs and a scale mail.
The centaur warrior shoots an arrow.
The arrow closely misses you.
You see here a wyvern corpse.
The centaur warrior shoots an arrow.
The arrow hits you but does no damage.
You hear a roar!
There is an open door here.
The centaur warrior shoots an arrow.
The arrow barely misses you.
The centaur warrior shoots an arrow.
The arrow hits you!!
There is an open door here.
Things that are here:
a +0 rapier; a +0 leather armour; an elf corpse
There is an open door here.
A centaur warrior is nearby!
The centaur warrior shoots an arrow.
The arrow hits you but does no damage.
The centaur warrior shoots an arrow.
The arrow hits you!
There is an open door, spattered with blood here.
The centaur warrior shoots an arrow.
The arrow hits you.
A centaur warrior is nearby!
The centaur warrior shoots an arrow.
The arrow hits you!
The centaur warrior shoots an arrow.
The arrow hits you!
* * * LOW HITPOINT WARNING * * *
The centaur warrior shoots an arrow.
The arrow hits you!
* * * LOW HITPOINT WARNING * * *
You feel better.
The centaur warrior shoots an arrow.
The arrow misses you.
The centaur warrior shoots an arrow.
The arrow hits you but does no damage.
The centaur warrior shoots an arrow.
The arrow hits you!
* * * LOW HITPOINT WARNING * * *
The centaur warrior shoots an arrow.
The arrow hits you but does no damage.
The centaur warrior shoots an arrow.
You block the arrow.
The centaur warrior shoots an arrow.
The arrow closely misses you.
The centaur warrior shoots an arrow.
The arrow hits you!
You die...

###..#......##### ##.......## #
#.####.c).....#####.........###
#######..##........(..........#
##.#.##.#........##.........#
#.......................#....
##....).................#...#
##.....................#....
##....................#...#
#.......#@................
##........................
###..#.###...............
####.###...............
###...........#......
#.....#....[.###.....
##.........### ###...
####..##..# #... #..#..## ###.


You could see a centaur warrior.

Vanquished Creatures
  Pikel (D:4)
  A deep elf pyromancer (D:9)
  An unseen horror (D:7)
  2 trolls (D:9)
  Prince Ribbit (D:7)
  Sigmund (D:4)
  11 yaks (D:9)
  3 wyverns (D:9)
  A wraith (D:9)
  2 water moccasins
  An orc warrior (D:8)
  2 sky beasts
  A black bear (D:5)
  2 ice beasts
  An ogre (D:6)
  4 centaurs
  12 kobold brigands
  A bullfrog (D:8)
  A necrophage (D:5)
  3 scorpions
  9 killer bees
  3 vampire bats (D:3)
  2 hounds (D:6)
  A gnoll bouda (D:4)
  3 orc priests
  2 iguanas
  5 orc wizards
  7 gnolls
  8 adders
  3 shadow imps
  A white imp (D:7)
  An ufetubus (D:6)
  A worm (D:2)
  3 dart slugs (D:1)
  38 orcs
  10 bats
  8 endoplasms
  2 giant cockroaches (D:3)
  4 goblins
  7 hobgoblins
  7 jackals (D:1)
  A quokka (D:4)
  8 ball pythons
  2 frilled lizards (D:1)
  20 kobolds
  5 rats
213 creatures vanquished.

Notes
Turn   | Place    | Note
-------+----------+-------------------------------------------
     0 | D:1      | hbarley the Hill Orc Fighter began the quest for the Orb.
     0 | D:1      | Reached XP level 1. HP: 19/19 MP: 1/1
    78 | D:1      | Reached XP level 2. HP: 25/27 MP: 2/2
   249 | D:1      | Reached skill level 3 in Axes
   378 | D:1      | Reached XP level 3. HP: 33/33 MP: 3/3
   503 | D:1      | Found a faded altar of an unknown god.
   508 | D:1      | Got Plato's Precepts of the Oath
  1436 | D:2      | Found Pyczig's General Store.
  1439 | D:2      | Bought a scroll of identify for 20 gold pieces
  1775 | D:3      | Reached XP level 4. HP: 40/40 MP: 4/4
  1952 | D:3      | Reached skill level 4 in Axes
  2379 | D:3      | Reached skill level 5 in Axes
  2379 | D:3      | Reached XP level 5. HP: 44/46 MP: 5/5
  2450 | D:4      | Reached XP level 6. HP: 53/53 MP: 6/6
  2502 | D:4      | Reached skill level 6 in Axes
  2568 | D:4      | Identified the +7 short sword "Eseyqie" {vorpal, *Noise
                  | rPois Str+8}
  2809 | D:4      | Noticed Sigmund
  2835 | D:4      | Killed Sigmund
  2836 | D:4      | Reached skill level 1 in Dodging
  3237 | D:4      | Reached XP level 7. HP: 60/60 MP: 7/7
  3242 | D:4      | Noticed Pikel
  3254 | D:4      | Killed Pikel
  3255 | D:4      | Reached skill level 5 in Fighting
  3255 | D:4      | Reached skill level 8 in Axes
  3255 | D:4      | Reached skill level 5 in Armour
  3255 | D:4      | Reached XP level 8. HP: 28/69 MP: 8/8
  3767 | D:5      | Entered Level 5 of the Dungeon
  3781 | D:5      | Reached skill level 9 in Axes
  4187 | D:5      | Found an ancient bone altar of Kikubaaqudgha.
  4364 | D:5      | Reached skill level 10 in Axes
  4364 | D:5      | Found a staircase to the Ecumenical Temple.
  4777 | Temple   | Entered the Ecumenical Temple
  4869 | Temple   | Became a worshipper of Uskayaw the Reveller
  5149 | D:6      | Reached * piety under Uskayaw
  5153 | D:6      | Reached ** piety under Uskayaw
  5154 | D:6      | Reached skill level 1 in Invocations
  5322 | D:6      | Reached *** piety under Uskayaw
  5325 | D:6      | Reached **** piety under Uskayaw
  5555 | D:6      | Reached XP level 9. HP: 63/78 MP: 10/10
  5975 | D:6      | Found the +7 Throatcutter {drain, coup de grace}
  5988 | D:6      | Reached skill level 11 in Axes
  5997 | D:6      | Reached skill level 1 in Stealth
  6001 | D:6      | Reached ***** piety under Uskayaw
  6013 | D:6      | Reached ****** piety under Uskayaw
  7075 | D:7      | Found Nitiug's Assorted Antiques.
  7138 | D:7      | Bought a runed war axe for 169 gold pieces
  7186 | D:7      | Reached skill level 5 in Shields
  7701 | D:7      | Killed an unseen horror
  7702 | D:7      | Reached skill level 12 in Axes
  7702 | D:7      | Reached skill level 1 in Necromancy
  7831 | D:7      | Noticed Prince Ribbit
  7840 | D:7      | Killed Prince Ribbit
  7841 | D:7      | Reached XP level 10. HP: 60/86 MP: 11/13
  8956 | D:9      | Found a blossoming altar of Fedhas.
  9402 | D:9      | Reached skill level 5 in Invocations
  9410 | D:9      | Reached skill level 13 in Axes
  9491 | D:9      | Reached XP level 11. HP: 93/94 MP: 15/15
  9672 | D:9      | Noticed a deep elf pyromancer
  9675 | D:9      | Killed a deep elf pyromancer
  9829 | D:9      | Noticed a cyclops
  9829 | D:9      | Noticed a centaur warrior
  9861 | D:9      | Shot with an arrow by a centaur warrior

Illustrated notes

Levels and vault maps discovered:
D:1:      wander_arrival_estate, layout_basic,
          shapermc_ecumenical_altar_rom_forum
D:2:      layout_basic, serial_shops, nicolae_shop_window_shopping
D:3:      layout_basic, roderic_batcave
D:4:      layout_loops_ring, uniq_sigmund, uniq_pikel
D:5:      layout_basic, kiku_gazebo_garden_becter,
          minmay_temple_entry_statues_pillars, minmay_fountain_box
D:6:      layout_basic, dilly_guarded_unrand_throatcut
D:7:      layout_cave_pools, serial_shops, nicolae_stop_n_shop_1,
          minmay_unpleasant_kobolds, uniq_prince_ribbit1
D:8:      old_forge, layout_gridville, makhleb_altar_promises_db,
          chequers_mini_garden
D:9:      minmay_chambers_of_sevens, layout_cave_pools, amcnicky_altar_gilded
Temple:   nicolae_temple_ecumenical_triangle

Skill      XL: |  1  2  3  4  5  6  7  8  9 10 11 |
---------------+----------------------------------+-----
Fighting       | 4 5 6 7 8 |  8.1
Axes           | 3 5 6 8 10 12 13 | 13.6
Armour         | 4 5 6 7 8 |  8.6
Dodging        | 1 2 3 |  3.8
Shields        | 4 5 |  5.3
Invocations    | 2 4 5 6 |  6.0
Stealth        | 1 |  1.8
Necromancy     | 1 4 |  4.4

Action                   |  1- 3 |  4- 6 |  7- 9 | 10-12 || total
-------------------------+-------+-------+-------+-------++-------
Melee: War axe           |    75 |   120 |   292 |   158 ||   645
Evoke: Wand              |       |       |     2 |       ||     2
  Use: Potion            |       |       |     1 |     1 ||     2
       Scroll            |       |       |     6 |     1 ||     7
 Stab: Paralysed         |       |       |    14 |     7 ||    21
Armor: Scale mail        |    54 |    73 |       |       ||   127
       Plate armour      |       |    19 |   239 |    87 ||   345
Dodge: Dodged            |    42 |    44 |    88 |    49 ||   223
Block: Buckler           |    13 |    28 |    52 |    29 ||   122
